 Dungeon Crawl Stone Soup version 0.30-a0-141-g30f27751c5 (webtiles) character file.

Game seed: 16065604061552185805

300 qw the Chopper (level 6, 0/38 HPs)
             Began as a Gargoyle Fighter on Sept 25, 2022.
             Slain by an iguana (11 damage)
             ... on level 4 of the Dungeon.
             The game lasted 00:01:36 (3679 turns).

qw the Chopper (Gargoyle Fighter)                   Turns: 3679, Time: 00:01:37

Health: 0/38       AC: 13    Str: 22    XL:     6   Next: 36%
Magic:  6/6        EV:  7    Int:  8    God:
Gold:   194        SH:  4    Dex:  9    Spells: 5/5 levels left

rFire   + . .      SeeInvis .    Y - +0 war axe
rCold   . . .      Faith    .    c - +0 buckler
rNeg    + . .      Spirit   .    l - +0 chain mail
rPois   inf        Reflect  .    (no helmet)
rElec   +          Harm     .    (no cloak)
rCorr   .          Rampage  .    (no gloves)
Will    .....                    (no boots)
Stlth   ..........               (no amulet)
HPRegen 0.12/turn                a - ring of protection from fire
MPRegen 0.10/turn                (no ring)

@: no status effects
A: sickness immunity, AC +4, negative energy resistance 1, electricity
resistance, torment resistance 1, petrification resistance
a: no special abilities


You were on level 4 of the Dungeon.
You visited 1 branch of the dungeon, and saw 4 of its levels.

You collected 194 gold pieces.


Innate Abilities, Weirdness & Mutations

You are immune to sickness and miasma.
Your stone body is resilient. (AC +4)
You are immune to poison.
You resist negative energy. (rN+)
You are resistant to electric shocks. (rElec)
You are resistant to unholy torment.
You are immune to petrification.


   Skills:
 - Level 4.0 Fighting
 + Level 5.6 Axes
 - Level 3.2 Armour
 - Level 3.2 Shields


You had 5 spell levels left.
You didn't know any spells.
Your spell library was empty.

Inventory:

Hand Weapons
 f - a +0 flail
 Y - a +0 war axe (weapon)
Armour
 c - a +0 buckler (worn)
 l - a +0 chain mail (worn)
Jewellery
 a - a ring of protection from fire (left hand)
Scrolls
 b - a scroll of butterflies {unknown}
 e - a scroll of identify
 h - a scroll of magic mapping {unknown}
Potions
 d - a potion of might
 g - a potion of mutation {unknown}
 i - a potion of lignification
 j - 2 potions of curing
 k - a potion of degeneration {unknown}
 n - a potion of heal wounds {unknown}

Dungeon Overview and Level Annotations

Branches:
Dungeon (4/15)
 Temple: D:4-7

Altars:
Wu Jian


Message History

The jackal barely misses you. The hound bites you but does no damage.
You closely miss the hound.
The hound is almost dead.
You barely miss the jackal. The hound bites you but does no damage.
The jackal bites you but does no damage.
The hound closely misses you.
The jackal bites you but does no damage.
You hit the hound.
You kill the hound!
You hit the jackal but do no damage. You barely miss the jackal.
The jackal barely misses you. x2
The jackal bites you but does no damage.
You closely miss the jackal. You barely miss the jackal.
You slash the hobgoblin!
You kill the hobgoblin!
The jackal bites you but does no damage. x2
The jackal barely misses you. The jackal bites you.
You barely miss the iguana. You hit the jackal. x2
The jackal bites you but does no damage.
The jackal completely misses you. The jackal barely misses you.
The iguana bites you!
You closely miss the jackal.
The jackal is severely wounded.
You closely miss the iguana. You completely miss the jackal.
The jackal bites you but does no damage. x2
The jackal bites you.
The iguana bites you but does no damage.
You block the jackal's attack.
You slash the jackal!
You kill the jackal!
You closely miss the jackal. You barely miss the iguana.
The jackal bites you but does no damage.
The iguana barely misses you.
The jackal bites you but does no damage.
You slash the jackal!
You kill the jackal!
You barely miss the iguana. You block the iguana's attack.
The iguana bites you!
You die...

.#############.........#
.## #.....####### ..#
##.###.# #.### #..# #.#
#...#######.####[#
.................#######
........#######......[.#
###..#### #..#######
#...## # #%@#
##...###......l#
##.#.....#####.#
###.....#### #[#
.##.....# #.# ........#
#.# .##..(..# ..#
.##.....# ... ###.....#


You could see an iguana.

Vanquished Creatures
  A hound (D:4)
  An iguana (D:4)
  3 gnolls (D:3)
  9 adders
  An ufetubus (D:4)
  4 worms
  2 dart slugs
  4 orcs (D:4)
  3 ball pythons
  6 bats
  9 endoplasms
  3 giant cockroaches
  13 goblins
  12 hobgoblins
  11 jackals
  4 quokkas
  3 frilled lizards (D:1)
  10 kobolds
  7 rats
106 creatures vanquished.

Vanquished Creatures (others)
  4 plants (D:4)
4 creatures vanquished.

Grand Total: 110 creatures vanquished

Notes
Turn   | Place    | Note
-------+----------+-------------------------------------------
     0 | D:1      | qw the Gargoyle Fighter began the quest for the Orb.
     0 | D:1      | Reached XP level 1. HP: 14/14 MP: 1/1
     0 | D:1      | 0 ||| qw: Version: 0.2-a-10-g399e6c4
     0 | D:1      | 0 ||| qw: Game counter: 160
     0 | D:1      | 0 ||| qw: Always use a shield: true
     0 | D:1      | 0 ||| qw: God list: Okawaru
     0 | D:1      | 0 ||| qw: Allow faded altars: false
     0 | D:1      | 0 ||| qw: Do Orc after D:15 true
     0 | D:1      | 0 ||| qw: Do second Lair branch before Depths: true
     0 | D:1      | 0 ||| qw: Lair rune preference: random
     0 | D:1      | 0 ||| qw: Plans: Normal, Zot:1-4, God:TSO, Crypt, Tomb,
                  | Pan, Slime:5, Hells, Abyss, Orb
     0 | D:1      | 0 ||| PLANNING D:1-11
    93 | D:1      | Reached skill level 2 in Axes
   178 | D:1      | 178 ||| Stepping ~*~*~tactically~*~*~ (stealth).
   179 | D:1      | 179 ||| Stepping ~*~*~tactically~*~*~ (stealth).
   181 | D:1      | 181 ||| Stepping ~*~*~tactically~*~*~ (stealth).
   188 | D:1      | Reached XP level 2. HP: 18/19 MP: 2/2
   223 | D:1      | 223 ||| Stepping ~*~*~tactically~*~*~ (stealth).
   262 | D:1      | 262 ||| Stepping ~*~*~tactically~*~*~ (stealth).
   271 | D:1      | 271 ||| Stepping ~*~*~tactically~*~*~ (stealth).
   288 | D:1      | 288 ||| Stepping ~*~*~tactically~*~*~ (stealth).
   339 | D:1      | Found a faded altar of an unknown god.
   456 | D:1      | 456 ||| Stepping ~*~*~tactically~*~*~ (stealth).
   650 | D:1      | Reached skill level 3 in Axes
   666 | D:1      | 666 ||| Stepping ~*~*~tactically~*~*~ (stealth).
   674 | D:1      | 674 ||| Stepping ~*~*~tactically~*~*~ (stealth).
   972 | D:1      | 972 ||| READING scroll labelled ZOAN WISUMO.
   973 | D:1      | 973 ||| READING scroll labelled LOCIRI MILE.
   974 | D:1      | 974 ||| READING scroll labelled TASOSCH JUAPT.
  1019 | D:2      | Reached XP level 3. HP: 23/23 MP: 3/3
  1037 | D:2      | 1037 ||| Stepping ~*~*~tactically~*~*~ (stealth).
  1374 | D:2      | Reached XP level 4. HP: 28/28 MP: 4/4
  1502 | D:2      | 1502 ||| Stepping ~*~*~tactically~*~*~ (stealth).
  1753 | D:2      | Reached skill level 4 in Axes
  1768 | D:2      | 1768 ||| Stepping ~*~*~tactically~*~*~ (stealth).
  1773 | D:2      | 1773 ||| Stepping ~*~*~tactically~*~*~ (stealth).
  1780 | D:2      | 1780 ||| Stepping ~*~*~tactically~*~*~ (stealth).
  1819 | D:2      | 1819 ||| FLEEEEING.
  1820 | D:2      | 1820 ||| FLEEEEING.
  1821 | D:2      | 1821 ||| FLEEEEING.
  1822 | D:2      | 1822 ||| FLEEEEING.
  1823 | D:2      | 1823 ||| FLEEEEING.
  1826 | D:2      | 1826 ||| FLEEEEING.
  1827 | D:2      | 1827 ||| FLEEEEING.
  1828 | D:2      | 1828 ||| FLEEEEING.
  1829 | D:2      | 1829 ||| FLEEEEING.
  1830 | D:2      | 1830 ||| FLEEEEING.
  1832 | D:2      | 1832 ||| FLEEEEING.
  1833 | D:2      | 1833 ||| FLEEEEING.
  1834 | D:2      | 1834 ||| FLEEEEING.
  1835 | D:2      | 1835 ||| FLEEEEING.
  1837 | D:2      | 1837 ||| FLEEEEING.
  1841 | D:2      | 1841 ||| FLEEEEING.
  1842 | D:2      | 1842 ||| FLEEEEING.
  1843 | D:2      | 1843 ||| FLEEEEING.
  1845 | D:2      | 1845 ||| FLEEEEING.
  1846 | D:2      | 1846 ||| FLEEEEING.
  1847 | D:2      | 1847 ||| FLEEEEING.
  1849 | D:2      | 1849 ||| FLEEEEING.
  1850 | D:2      | 1850 ||| FLEEEEING.
  1851 | D:2      | 1851 ||| FLEEEEING.
  1852 | D:2      | 1852 ||| FLEEEEING.
  1853 | D:2      | 1853 ||| FLEEEEING.
  1854 | D:2      | 1854 ||| FLEEEEING.
  1855 | D:2      | 1855 ||| FLEEEEING.
  1856 | D:2      | 1856 ||| FLEEEEING.
  1857 | D:2      | 1857 ||| FLEEEEING.
  1858 | D:2      | 1858 ||| FLEEEEING.
  1859 | D:2      | 1859 ||| FLEEEEING.
  1860 | D:2      | 1860 ||| FLEEEEING.
  1870 | D:2      | 1870 ||| FLEEEEING.
  1878 | D:2      | 1878 ||| STAIRDANCE
  1989 | D:1      | 1989 ||| UPGRADING to +0 chain mail.
  1999 | D:1      | 1999 ||| DROPPING +0 scale mail.
  2000 | D:1      | 2000 ||| DROPPING amulet of faith.
  2001 | D:1      | 2001 ||| UPGRADING to ring of protection from fire.
  2002 | D:1      | 2002 ||| READING scroll labelled AMU VALOTZYEXA.
  2003 | D:1      | 2003 ||| READING scroll labelled VOTWIU SINNAI.
  2004 | D:1      | 2004 ||| DRINKING 2 sedimented dark potions.
  2239 | D:3      | Found an ornate altar of the Wu Jian Council.
  2498 | D:3      | 2498 ||| Stepping ~*~*~tactically~*~*~ (stealth).
  2501 | D:3      | Reached XP level 5. HP: 32/32 MP: 5/5
  2800 | D:3      | Reached skill level 5 in Axes
  2932 | D:3      | 2932 ||| READING scroll labelled GUALODGH IQOPSE.
  2933 | D:3      | 2933 ||| DRINKING 2 coppery potions.
  2934 | D:3      | 2934 ||| DRINKING 3 metallic puce potions.
  2935 | D:3      | 2935 ||| DROPPING potion of magic.
  3002 | D:4      | 3002 ||| Stepping ~*~*~tactically~*~*~ (hiding).
  3003 | D:4      | 3003 ||| Stepping ~*~*~tactically~*~*~ (hiding).
  3014 | D:4      | 3014 ||| Stepping ~*~*~tactically~*~*~ (stealth).
  3018 | D:4      | 3018 ||| FLEEEEING.
  3020 | D:4      | 3020 ||| FLEEEEING.
  3021 | D:4      | 3021 ||| FLEEEEING.
  3022 | D:4      | 3022 ||| FLEEEEING.
  3023 | D:4      | 3023 ||| FLEEEEING.
  3024 | D:4      | 3024 ||| FLEEEEING.
  3026 | D:4      | 3026 ||| STAIRDANCE
  3175 | D:4      | 3175 ||| DROPPING +0 club.
  3203 | D:4      | Reached XP level 6. HP: 38/38 MP: 6/6
  3479 | D:4      | 3479 ||| Stepping ~*~*~tactically~*~*~ (stealth).
  3481 | D:4      | 3481 ||| Stepping ~*~*~tactically~*~*~ (stealth).
  3483 | D:4      | 3483 ||| Stepping ~*~*~tactically~*~*~ (stealth).
  3607 | D:4      | 3607 ||| DROPPING +0 mace.
  3679 | D:4      | Slain by an iguana

Levels and vault maps discovered:
D:1:      lemuel_arrival_room, layout_basic,
          shapermc_ecumenical_altar_totnotflames,
          chequers_serial_rivers_small_a, hangedman_abyss_or_decor_stabs,
          hangedman_decor_growths
D:2:      minmay_diamond_boxcup, layout_basic
D:3:      layout_basic, nzn_wu_jian_council_hall
D:4:      corexii_shack_village, layout_rooms

Skill      XL: |  1  2  3  4  5 |
---------------+----------------+-----
Axes           | 2 3 4 5 |  5.6
Fighting       | 4 |  4.0
Armour         | |  3.2
Shields        | |  3.2

Action                   |  1- 3 |  4- 6 || total
-------------------------+-------+-------++-------
Melee: War axe           |   101 |   194 ||   295
  Use: Scroll            |     3 |     3 ||     6
       Potion            |       |     3 ||     3
Armor: Scale mail        |    47 |    38 ||    85
       Chain mail        |       |   103 ||   103
Dodge: Dodged            |    42 |    86 ||   128
Block: Buckler           |    21 |    42 ||    63

Table legend:
 A = Non-vault XP
 B = Vault XP
 C = Vault XP percentage of total XP
 D = Non-vault monster count
 E = Vault monster count
 F = Vault count percentage of total count
                 A         B        C        D         E       F
            +---------+---------+-------+---------+---------+-------
      Total |     379 |      52 |  12.1 |      87 |      19 |  17.9
            +---------+---------+-------+---------+---------+-------
        D:1 |      32 |       0 |   0.0 |      20 |       0 |   0.0
        D:2 |      62 |      35 |  36.1 |      23 |      11 |  32.4
        D:3 |      99 |       0 |   0.0 |      19 |       0 |   0.0
        D:4 |     186 |      17 |   8.4 |      25 |       8 |  24.2
            +---------+---------+-------+---------+---------+-------
